 Seeded DCSS version 0.28.0-45-g0d030f2227 (webtiles) character file.

Game seed: 12438630275245706108 (custom seed)

55 zeratav the Insei (level 3, 0/24 HPs)
             Began as an Octopode Transmuter on Apr 19, 2022.
             Slain by Terence
             ... wielding a +2 vorpal hand axe
              (9 damage)
             ... on level 2 of the Dungeon.
             The game lasted 00:02:33 (1650 turns).

zeratav the Insei (Octopode Transmuter)             Turns: 1650, Time: 00:02:34

Health: 0/24       AC:  2    Str:  9    XL:     3   Next: 93%
Magic:  13/15      EV: 20    Int: 15    God:
Gold:   70         SH:  0    Dex: 19    Spells: 2/6 levels left

rFire   . . .      SeeInvis .     - Unarmed
rCold   . . .      Faith    .   (shield currently unavailable)
rNeg    . . .      Spirit   .   (helmet currently unavailable)
rPois   x          Reflect  .   (no amulet)
rElec   .          Harm     .   a - ring of magical power
rCorr   .          Rampage  .   (no ring)
Will    .....                   (no ring)
Stlth   ++........              (no ring)
HPRegen 0.08/turn               (no ring)
MPRegen 0.14/turn               (no ring)
                                (no ring)
                                (no ring)

@: spider-form (expiring)
A: venomous fangs, almost no armour, (amphibious), 8 rings, tiny, (camouflage
1), (gelatinous body 1), (nimble swimmer 1), (tentacles)
a: End Transformation


You were on level 2 of the Dungeon.
You were a venomous arachnid creature.
You visited 1 branch of the dungeon, and saw 2 of its levels.

You collected 70 gold pieces.


Innate Abilities, Weirdness & Mutations

You are a venomous arachnid creature.
You have poisonous fangs.
You are tiny and dextrous.
Your spellcasting is less reliable in this form.
Your armour is entirely melded.
You are incapable of wielding weapons or throwing items.
You cannot wear most types of armour.
((You are amphibious.))
You can wear up to eight rings at the same time.
((Your skin changes colour to match your surroundings (Stealth+).))
((Your rubbery body absorbs attacks. (AC +1, EV +1)))
((You are camouflaged when in or above water. (Stealth+)))
((You have tentacles for arms and can constrict up to eight enemies at once.))


   Skills:
 + Level 1.7 Fighting
 + Level 2.5 Dodging
 + Level 1.9 Stealth
 * Level 3.7 Unarmed Combat
 - Level 2.0 Spellcasting
 - Level 2.0 Transmutations


You had 2 spell levels left.
You knew the following spells:

 Your Spells              Type           Power      Damage    Failure   Level
a - Beastly Appendage     Tmut           14%        N/A       24%         1
b - Spider Form           Tmut/Pois      4%         N/A       63%         3

Your spell library contained the following spells:

 Spells                   Type           Power      Damage    Failure   Level
 Wereblood                Tmut           7%         N/A       32%         2
 Ice Form                 Ice/Tmut       4%         N/A       93%         4
 Hailstorm                Conj/Ice       1%         3d3       98%         4
 Simulacrum               Ice/Necr       0%         N/A       100%        6

Inventory:

Jewellery
 a - a ring of magical power (left front leg)
   (You found it on level 1 of the Dungeon)
Scrolls
 b - 3 scrolls of identify {unknown}
 c - a scroll of vulnerability {unknown}
 d - a scroll of blinking {unknown}
 e - a scroll of enchant armour {unknown}

Dungeon Overview and Level Annotations

Branches:
Dungeon (2/15)

Altars:

Shops:
D:1 =

Annotations:
D:2 Terence

.#....#....##.##.##.#
.############.##.##.#
......# #.##.##.#
#####.# #.##...)#
....#.# #.#######
.##.#.# #.#########
.#..#.# #.#.......#
.#.##.#
####.#.......#
.#....#
#......s@....#
.######
#.##.#.......#
......# ..
#.#.......# #####.###
#.#.......# ....#.#
#.#.......# .##.#.#
#..##.##### .#..#.#
##. .# .#.##.# #.# +#
.#....# ..


You could see Terence (extremely poisoned).


Message History

The kobold shouts!
HP[+1]
You tentacle-slap the goblin.
You kill the goblin!
Your transformation is almost over.
The kobold misses you.
Things that are here:
a +0 club {mace}; a goblin corpse You tentacle-slap the kobold.
You grab the kobold.
You pierce the kobold.
You squeeze the kobold.
You kill the kobold!
MP[+1]
Your mp is fully restored (15).
No target in view!
No target in view!
No target in view!
No target in view!
No target in view!
Your tentacle spike disappears.
You see here a +0 dagger {short}.
You open the door.
Found a stone staircase leading down.
HP[+2]
Your hp is fully restored (24).
There is an open door here.
There is an open door here.
You see here a bat skeleton.
You open the door.
An adder comes into view.
One of your tentacles grows a vicious spike.
MP[-1]
You lost 1 mp, and now have 14/15 mp.
There is an open door here.
The helpless adder fails to defend itself.
You tentacle-slap the adder. Your grab misses the adder.
Your tentacle spike misses the adder.
Your squeeze misses the adder. The adder closely misses you.
The adder misses you.
You barely miss the adder. You grab the adder.
You pierce the adder.
You squeeze the adder.
You kill the adder!
No target in view!
No target in view!
No target in view!
No target in view!
Your transformation is almost over.
You see here an adder corpse.
e - a scroll labelled GEBAOC QACK MP[+1]
Your mp is fully restored (15).
This spell is potentially lethal to cast!
Memorise Spider Form, consuming 3 spell levels and leaving 2?
You start memorising the spell.
You continue memorising. x2
Your tentacle spike disappears.
You continue memorising.
You finish memorising.
Spell assigned to 'b'.
You see here a +0 chain mail.
Found a stone staircase leading down.
There is a stone staircase leading down here.
Found a glowing falchion.
One of your tentacles grows a vicious spike.
MP[-1]
You lost 1 mp, and now have 14/15 mp.
Your transformation is almost over.
Your tentacle spike disappears.
There is a stone staircase leading down here.
You pick up a book of the Tundra and begin reading...
You add the spells Hailstorm and Simulacrum to your library.
MP[+1]
Your mp is fully restored (15).
There is a stone staircase leading down here.
Terence the Incautious comes into view.
He is wielding a +2 vorpal hand axe and wearing a +2 chain mail of fire resistance.
Casting: Beastly Appendage (safe; 10% risk of failure)
Confirm with . or Enter, or press ? or * to list all spells.
The spell is potentially lethal to miscast (41% risk of failure)!
Continue anyway?
You turn into a venomous arachnid creature.
Your transformation is almost over.
MP[-3]
You lost 3 mp, and now have 12/15 mp.
Terence shouts!
You barely miss Terence. Terence closely misses you.
You hit Terence but do no damage.
Terence is poisoned.
Terence hits you with a +2 vorpal hand axe.
HP[-7] MP[+1]
You take 7 damage, and now have 17/24 hp.
MASSIVE DAMAGE!! (PAUSE)
You are too injured to fight recklessly!
You are too injured to fight recklessly!
You are too injured to fight recklessly!
You hit Terence but do no damage. You hit Terence but do no damage.
Terence looks even sicker.
Terence barely misses you.
You hit Terence but do no damage.
Terence hits you with a +2 vorpal hand axe!
* * * LOW HITPOINT WARNING * * *
x2 HP[-8]
You take 8 damage, and now have 9/24 hp.
MASSIVE DAMAGE!! (PAUSE)
You hit Terence.
Terence looks as sick as possible!
Terence hits you with a +2 vorpal hand axe!
You die...

Skill      XL: |  1  2 |
---------------+-------+-----
Stealth        | 1 |  1.9
Fighting       | |  1.7
Dodging        | |  2.5
Unarmed Combat | |  3.7
Spellcasting   | |  2.0
Transmutations | |  2.0

Action                   || total
-------------------------++-------
Melee: Unarmed           ||    61
       Constrict         ||    16
       Kick              ||    15
       Tentacles         ||     8
       Punch             ||     2
 Cast: Beastly Appendage ||    21
       Spider Form       ||     1
 Stab: Sleeping          ||     9
Armor: Skin              ||     3
Dodge: Dodged            ||    30

Levels and vault maps discovered:
D:1:      minmay_arrival_split_and_join, layout_basic,
          hellmonk_ecumenical_altar_arch_garden, nicolae_shop_unique_rings
D:2:      layout_basic, serial_glass, glass_columns_b, glass_columns_c,
          serial_shops, nicolae_diamond_shop, patterned_corridor, uniq_terence,
          uniq_natasha

Notes
Turn   | Place    | Note
-------+----------+-------------------------------------------
     0 | D:1      | zeratav the Octopode Transmuter began the quest for the
                  | Orb.
     0 | D:1      | Reached XP level 1. HP: 13/13 MP: 3/3
     0 | D:1      | magus.rc [v1.9.6]
   379 | D:1      | Found Fetet's One-of-a-Kind Rings.
   405 | D:1      | Reached XP level 2. HP: 15/18 MP: 5/5
   485 | D:1      | Reached skill level 1 in Stealth
   578 | D:1      | Found a faded altar of an unknown god.
  1181 | D:2      | Reached XP level 3. HP: 23/23 MP: 6/6
  1475 | D:2      | Learned a level 3 spell: Spider Form
  1615 | D:2      | You pick up a book of the Tundra and begin reading...
  1615 | D:2      | You add the spells Hailstorm and Simulacrum to your
                  | library.
  1637 | D:2      | Noticed Terence
  1650 | D:2      | Slain by Terence

Vanquished Creatures
  3 adders (D:2)
  4 bats
  4 endoplasms
  A giant cockroach (D:2)
  3 goblins
  A hobgoblin (D:1)
  3 quokkas
  3 ball pythons (D:1)
  2 kobolds
  2 rats (D:1)
26 creatures vanquished.

Table legend:
 A = Non-vault XP
 B = Vault XP
 C = Vault XP percentage of total XP
 D = Non-vault monster count
 E = Vault monster count
 F = Vault count percentage of total count
                 A         B        C        D         E       F
            +---------+---------+-------+---------+---------+-------
      Total |      79 |       0 |   0.0 |      26 |       0 |   0.0
            +---------+---------+-------+---------+---------+-------
        D:1 |      27 |       0 |   0.0 |      16 |       0 |   0.0
        D:2 |      52 |       0 |   0.0 |      10 |       0 |   0.0
            +---------+---------+-------+---------+---------+-------

Illustrated notes

Table legend:
 A = Kills in this place as a percentage of kills in entire the game.
 B = Kills by you in this place as a percentage of kills by you in the entire game.
 C = Kills by friends in this place as a percentage of kills by friends in the entire game.
 D = Other kills in this place as a percentage of other kills in the entire game.
 E = Experience gained in this place as a percentage of experience gained in the entire game.
 F = Experience gained in this place divided by the number of levels of this place that you have seen.
                   A       B       C       D       E      F
               +-------+-------+-------+-------+-------+----------------------
         Total | 100.0 | 100.0 |   N/A |   N/A | 100.0 |  39.5
       Dungeon | 100.0 | 100.0 |   N/A |   N/A | 100.0 |  39.5
               +-------+-------+-------+-------+-------+----------------------

Table legend: (Time is in decaauts)
 A = Elapsed time spent in this place.
 B = Non-inter-level travel time spent in this place.
 C = Inter-level travel time spent in this place.
 D = Time resting spent in this place.
 E = Time spent auto-exploring this place.
 F = Levels seen in this place.
 G = Mean time per level.
                   A        B        C        D        E       F      G
               +--------+--------+--------+--------+--------+-----+--------+
         Total |   1645 |   1637 |      8 |      0 |   1445 |   2 |  822.5 |
       Dungeon |   1645 |   1637 |      8 |      0 |   1445 |   2 |  822.5 |
               +--------+--------+--------+--------+--------+-----+--------+

Top non-repeatable levels by time:
     D:1: 1166 daAuts
     D:2: 479 daAuts
